 Dungeon Crawl Stone Soup version 0.23-a0-484-g29ba69c (webtiles) character file.

23617 George the Carver (level 12, -4/98 HPs)
             Began as a Demonspawn Gladiator on Nov 30, 2018.
             Was a High Priest of Makhleb.
             Slain by a blink frog (10 damage)
             ... on level 3 of the Lair of Beasts.
             The game lasted 00:23:51 (15899 turns).

George the Carver (Demonspawn Gladiator)           Turns: 15899, Time: 00:23:51

Health: -4/98      AC: 15    Str: 18    XL:     12   Next: 73%
Magic:  0/20       EV: 12    Int: 11    God:    Makhleb [*****.]
Gold:   898        SH:  0    Dex: 15    Spells: 11/11 levels left

rFire    . . .     SeeInvis +   I - +4 great sword
rCold    . . .     Gourm    .   (shield currently unavailable)
rNeg     . . .     Faith    .   w - +2 chain mail {MR+}
rPois    .         Spirit   +   (helmet restricted)
rElec    .         Reflect  .   (no cloak)
rCorr    .         Harm     .   d - +0 pair of gloves
MR       +....                  (no boots)
Stlth    ..........             o - amulet of magic regeneration
HPRegen  0.26/turn              i - +4 ring of slaying
MPRegen  0.59/turn              q - ring of see invisible

@: no status effects
A: horns 1, rugged brown scales 1, magic shield, magic regeneration, rot
immunity
a: Minor Destruction, Lesser Servant of Makhleb, Major Destruction, Greater
Servant of Makhleb, Renounce Religion


You were on level 3 of the Lair of Beasts.
You worshipped Makhleb.
Makhleb was extremely pleased with you.
You were not hungry.

You visited 3 branches of the dungeon, and saw 16 of its levels.
You also visited: Ossuary.

You collected 898 gold pieces.

Inventory:

Hand Weapons
 I - a +4 great sword (weapon)
 J - a +5 short sword of freezing
Missiles
 D - 3 throwing nets (quivered)
Armour
 d - a +0 pair of gloves (worn)
 w - a +2 chain mail of magic resistance (worn)
Jewellery
 i - a +4 ring of slaying (left hand)
 l - an uncursed ring of ice
 n - an uncursed ring of protection from fire
 o - an amulet of magic regeneration (around neck)
 q - a ring of see invisible (right hand)
 M - the ring of Hiraagak {+Fly Dex+3}
   (You found it on level 1 of the Lair of Beasts)

   [ring of flight]

   It affects your dexterity (+3).
   It lets you fly.
Wands
 a - a wand of polymorph (6)
 h - a wand of enslavement (18)
 k - a wand of random effects (12)
 x - a wand of acid (3)
 y - a wand of flame (11)
 H - a wand of digging (5)
Scrolls
 b - 6 scrolls of enchant weapon
 e - 6 scrolls of enchant armour
 m - 11 scrolls of teleportation
 r - 4 scrolls of remove curse
 u - 3 scrolls of identify
 A - 2 scrolls of fear {unknown}
 C - 2 scrolls of amnesia {unknown}
 E - 2 scrolls of blinking {unknown}
 G - 6 scrolls of immolation {unknown}
 K - a scroll of fog {unknown}
 L - a scroll of summoning {unknown}
Potions
 c - 2 potions of invisibility
 g - 2 potions of ambrosia
 p - 3 potions of heal wounds
 s - 4 potions of mutation
 t - 4 potions of haste
 v - 3 potions of brilliance
 z - a potion of resistance
 B - 2 potions of might
 F - a potion of agility
Miscellaneous
 j - a lamp of fire
Comestibles
 f - 33 rations


   Skills:
 + Level 9.5 Fighting
 + Level 11.2 Long Blades
 - Level 1.7 Throwing
 + Level 8.5 Armour
 + Level 9.1 Dodging
 + Level 11.2 Invocations


You had 11 spell levels left.
You didn't know any spells.
Your spell library contained the following spells:

 Spells                   Type           Power        Failure   Level  Hunger
 Animate Skeleton         Necr           N/A          97%         1    ##.....
 Apportation              Tloc           #.....       97%         1    ##.....
 Confusing Touch          Hex            #.....       97%         1    ##.....
 Summon Small Mammal      Summ           #...         97%         1    ##.....
 Confuse                  Hex            #.......     100%        3    ####...
 Gell's Gravitas          Tloc           #.........   100%        3    ####...
 Petrify                  Tmut/Erth      #.......     100%        4    #####..
 Summon Lightning Spire   Summ/Air       #.......     100%        4    #####..
 Metabolic Englaciation   Hex/Ice        #.........   100%        5    ######.
 Silence                  Hex/Air        #.........   100%        5    ######.
 Yara's Violent Unravell  Hex/Tmut       #.........   100%        5    ######.
 Conjure Ball Lightning   Conj/Air       #.........   100%        6    #######
 Deflect Missiles         Chrm/Air       #.........   100%        6    #######
 Tornado                  Air            #.........   100%        9    #######


Dungeon Overview and Level Annotations

Branches:
Dungeon (12/15)            Temple (1/1) D:6            Lair (3/6) D:11
    Orc (0/2) D:10
  Swamp: Lair:2-4    Shoals: Lair:2-4     Snake: Lair:2-4    Spider: Lair:2-4

Altars:
Ashenzari
Cheibriados
Dithmenos
Elyvilon
Fedhas
Gozag
Hepliaklqana
Kikubaaqudgha
Makhleb
Nemelex Xobeh
Okawaru
Qazlal
Ru
Trog
Uskayaw
Vehumet
Wu Jian
Xom
Yredelemnul
Zin
The Shining One

Shops:
D:6 *   D:11 [

Annotations:
D:10 2 transporters


Innate Abilities, Weirdness & Mutations

You have a pair of small horns on your head.
You are partially covered in rugged brown scales. (AC +1, +3% HP)
When hurt, damage is shared between your health and your magic reserves.
You regenerate magic rapidly.
You are immune to rotting.


Message History

The blink frog misses you. The blink frog barely misses you.
You slice the blink frog!!
You kill the blink frog!
Makhleb accepts your kill.
You feel better.
The blink frog hits you but does no damage.
You hit the blink frog. You headbutt the blink frog.
The blink frog is almost dead.
The blink frog hits you.
* * * LOW HITPOINT WARNING * * *
The blink frog blinks!
The blink frog completely misses you.
The blink frog blinks!
The blink frog hits you.
* * * LOW HITPOINT WARNING * * *
The blink frog barely misses you.
You closely miss the blink frog.
The blink frog is almost dead.
The blink frog hits you!
* * * LOW HITPOINT WARNING * * *
The blink frog closely misses you. The blink frog hits you!
You die...

#. .# #.# .# ....# ..#
#.# #....# #.. #.
#....### ... .#...## #
#.F...## #.# ......##
#......##F# #......#
#......#@.# #.....#
#....F### ##.....####
###..§..#####.)....##.#
##.....................
#......................
#†#....................
#..#####................
.... ####.#.......##.#
...## ##.#.......#.#


You could see 2 blink frogs.

Vanquished Creatures
  Snorg (D:11)
  Fannar (D:12)
  Harold (D:9)
  2 two-headed ogres (D:12)
  A death yak (Lair:3)
  Nergalle (D:12)
  An unseen horror (D:8)
  An ugly thing (D:10)
  A deep elf mage (D:12)
  A cyclops (D:12)
  A torpor snail (Lair:3)
  A centaur skeleton (D:12)
  2 komodo dragons (Lair:3)
  2 spiny frogs
  2 rime drakes (Lair:3)
  A tengu conjurer (D:10)
  2 trolls
  2 blink frogs (Lair:3)
  2 hornets
  4 hippogriffs
  6 slime creatures (D:12)
  A wraith (D:10)
  2 wyverns
  21 yaks
  A basilisk (D:12)
  A hungry ghost (D:12)
  Menkaure (D:4)
  Edmund (D:4)
  An acid dragon (D:11)
  4 water moccasins
  6 orc warriors
  6 porcupines
  2 sky beasts
  A black bear (D:11)
  2 phantoms (D:10)
  A necrophage (D:10)
  4 ice beasts
  3 ogres
  5 wolves (Lair:3)
  5 centaurs
  2 crocodiles
  11 bullfrogs
  A big kobold (D:4)
  A water moccasin zombie (D:6)
  3 scorpions
  10 killer bees (D:11)
  2 jellies
  15 wights
  3 crimson imps
  4 centaur zombies
  A bullfrog zombie (D:10)
  4 hounds
  10 orc wizards
  A bullfrog skeleton (D:11)
  7 orc priests
  4 iguanas
  11 worker ants
  4 mummies (Ossuary)
  2 hound skeletons
  12 adders
  A shadow imp (D:6)
  3 oozes
  2 adder zombies (D:6)
  An adder skeleton (D:9)
  2 worms (D:3)
  A dart slug (D:3)
  4 leopard geckos
  45 orcs
  A ball python (D:3)
  2 giant cockroaches
  5 gnoll zombies (Ossuary)
  5 goblins
  5 hobgoblins
  2 jackals (D:4)
  2 quokkas
  5 bats
  2 frilled lizards
  4 gnoll skeletons (Ossuary)
  5 goblin skeletons (Ossuary)
  4 goblin zombies (Ossuary)
  3 hobgoblin zombies (Ossuary)
  6 kobolds
  5 kobold skeletons (Ossuary)
  2 kobold zombies (Ossuary)
  2 leopard gecko skeletons (D:4)
  An orc skeleton (Ossuary)
  9 rats
  A rat zombie (Ossuary)
342 creatures vanquished.

Vanquished Creatures (others)
  A gnoll zombie (Ossuary)
  2 goblin zombies (Ossuary)
  A hobgoblin skeleton (Ossuary)
  3 hobgoblin zombies (Ossuary)
  A kobold skeleton (Ossuary)
  A kobold zombie (Ossuary)
  3 orc skeletons (Ossuary)
  2 orc zombies (Ossuary)
  5 rat skeletons (Ossuary)
  A rat zombie (Ossuary)
  15 fungi
  5 plants (D:11)
40 creatures vanquished.

Grand Total: 382 creatures vanquished

Notes
Turn   | Place    | Note
-------+----------+-------------------------------------------
     0 | D:1      | George the Demonspawn Gladiator began the quest for the
                  | Orb.
     0 | D:1      | Reached XP level 1. HP: 16/16 MP: 1/1
   221 | D:1      | Gained mutation: When hurt, damage is shared between your
                  | health and your magic reserves. [demonic ancestry]
   221 | D:1      | Reached XP level 2. HP: 21/22 MP: 2/2
   656 | D:2      | Found an ornate altar of the Wu Jian Council.
   685 | D:2      | Found a snail-covered altar of Cheibriados.
   702 | D:2      | Gained mutation: You have a pair of small horns on your
                  | head. [demonic ancestry]
   702 | D:2      | Reached XP level 3. HP: 27/27 MP: 3/3
  1514 | D:3      | Reached XP level 4. HP: 32/33 MP: 4/4
  2126 | D:4      | Reached skill level 5 in Long Blades
  2406 | D:4      | Reached XP level 5. HP: 38/38 MP: 5/5
  2470 | D:4      | Noticed Edmund
  2952 | D:4      | Gained mutation: You regenerate magic rapidly. [demonic
                  | ancestry]
  2952 | D:4      | Reached XP level 6. HP: 38/44 MP: 4/6
  2996 | D:4      | Noticed Menkaure
  3009 | D:4      | Killed Menkaure
  3461 | D:4      | Killed Edmund
  3461 | D:4      | Reached XP level 7. HP: 24/50 MP: 7/7
  3725 | D:5      | Entered Level 5 of the Dungeon
  4136 | D:5      | Reached skill level 1 in Armour
  4368 | D:5      | Found a white marble altar of Elyvilon.
  5169 | D:6      | Found Citin's General Store.
  5559 | D:5      | HP: 2/52 [orc warrior/+0 short sword (7)]
  5561 | D:5      | Gained mutation: You are immune to rotting. [demonic
                  | ancestry]
  5561 | D:5      | Reached XP level 8. HP: 11/58 MP: 2/8
  6140 | D:6      | Found a staircase to the Ecumenical Temple.
  6198 | D:6      | Found a blossoming altar of Fedhas.
  6359 | Temple   | Entered the Ecumenical Temple
  6367 | Temple   | Became a worshipper of Makhleb the Destroyer
  6521 | D:7      | Reached skill level 1 in Invocations
  6609 | D:7      | Found a sand-covered staircase.
  6619 | Ossuary  | Entered an ossuary
  6786 | Ossuary  | Reached * piety under Makhleb
  8150 | D:7      | Found a glowing silver altar of Zin.
  8366 | D:8      | Reached XP level 9. HP: 21/66 MP: 8/11
  8904 | D:8      | Noticed an unseen horror
  8919 | D:8      | Killed an unseen horror
  8919 | D:8      | Reached skill level 5 in Fighting
  8919 | D:8      | Reached skill level 5 in Dodging
  9281 | D:9      | Noticed a troll
  9287 | D:9      | Killed a troll
  9303 | D:9      | Reached skill level 5 in Invocations
  9536 | D:8      | Reached ** piety under Makhleb
  9695 | D:9      | Reached skill level 5 in Armour
  9745 | D:9      | Reached XP level 10. HP: 30/76 MP: 14/14
 10028 | D:9      | Noticed Harold
 10041 | D:9      | Killed Harold
 10133 | D:10     | Entered Level 10 of the Dungeon
 10159 | D:10     | Paralysed by a hornet for 1 turns
 10575 | D:10     | Found a transporter.
 10577 | D:10     | Noticed a deep elf knight
 10585 | D:10     | Found a transporter.
 11083 | D:10     | Reached *** piety under Makhleb
 11098 | D:10     | Found a staircase to the Orcish Mines.
 11174 | D:10     | Gained mutation: You are partially covered in rugged brown
                  | scales. (AC +1, +3% HP) [demonic ancestry]
 11174 | D:10     | Reached XP level 11. HP: 57/86 MP: 14/17
 11695 | D:11     | Reached skill level 10 in Long Blades
 11700 | D:11     | Found an ornate altar of the Wu Jian Council.
 11733 | D:11     | Found Juhilurr's Armour Shoppe.
 11787 | D:11     | Noticed Snorg
 11799 | D:11     | Killed Snorg
 11835 | D:11     | Found a staircase to the Lair.
 11891 | D:11     | Reached **** piety under Makhleb
 12001 | D:11     | Noticed a white ugly thing
 12058 | D:11     | HP: 2/88 [white ugly thing (17)]
 12092 | D:10     | HP: 2/88 [white ugly thing (5)]
 12111 | D:10     | HP: 3/88 [white ugly thing (3)]
 12113 | D:10     | Killed a white ugly thing
 12529 | D:11     | Found a shadowy altar of Dithmenos.
 13121 | D:12     | Noticed Fannar
 13144 | D:12     | Killed Fannar
 13191 | D:12     | Noticed Nergalle
 13201 | D:12     | Killed Nergalle
 13201 | D:12     | Reached XP level 12. HP: 96/96 MP: 19/19
 13207 | D:12     | Reached skill level 10 in Invocations
 13687 | D:12     | Noticed a two-headed ogre
 13692 | D:12     | Killed a two-headed ogre
 14009 | D:12     | Noticed a two-headed ogre
 14020 | D:12     | Killed a two-headed ogre
 14353 | Lair:1   | Entered Level 1 of the Lair of Beasts
 14709 | Lair:1   | Got a brightly glowing iron ring
 14884 | Lair:1   | Identified the ring of Hiraagak {+Fly Dex+3} (You found it
                  | on level 1 of the Lair of Beasts)
 15849 | Lair:3   | Noticed a death yak
 15860 | Lair:3   | Killed a death yak
 15860 | Lair:3   | Reached ***** piety under Makhleb
 15899 | Lair:3   | Slain by a blink frog

Vault maps used:
D:1:      onia_arrival_larder
D:2:      overflow_temple_1_default, lemuel_doored_altar
D:4:      first_ration, minmay_puff, uniq_menkaure, uniq_edmund
D:5:      elyvilon_altar_4
D:6:      fedhas_altar_2, minmay_temple_entry_offerings, serial_shops,
          kennysheep_mini, kennysheep_generic_room_13
D:7:      nicolae_overflow_hidden_temple, enter_ossuary_1
D:9:      uniq_harold
D:10:     gammafunk_wand_slinger, david_orc_2, grunt_tengu_nest
D:11:     due_lair_maze_entry_diamond, basic_altar, serial_shops,
          nicolae_shop_statue_plus, grunt_dithmenos_smoke_and_mirrors,
          uniq_snorg
D:12:     uniq_nergalle, uniq_fannar
Temple:   lightli_temple_of_artemis
Lair:1:   grunt_megastairs_4
Lair:2:   lemuel_fruit_tree
Lair:3:   spider_nest_entry_webs
Ossuary:  ossuary_due_pyramid

Skill      XL: |  1  2  3  4  5  6  7  8  9 10 11 12 |
---------------+-------------------------------------+-----
Long Blades    | 3 4 5 6 7 8 9 10 11 | 11.2
Armour         | 2 3 5 6 7 8 |  8.5
Dodging        | 3 4 5 7 8 9 |  9.1
Fighting       | 3 4 6 7 8 9 |  9.5
Invocations    | 3 6 8 9 11 | 11.2
Throwing       | |  1.7

Action                   |  1- 3 |  4- 6 |  7- 9 | 10-12 || total
-------------------------+-------+-------+-------+-------++-------
Melee: Long sword        |    86 |   135 |   377 |       ||   598
       Headbutt          |     5 |    36 |   114 |   124 ||   279
       Great sword       |       |       |    93 |   507 ||   600
Throw: Throwing net      |       |       |     3 |       ||     3
Evoke: Wand              |       |       |       |     4 ||     4
  Use: Potion            |       |     2 |     2 |       ||     4
       Scroll            |       |       |    10 |     5 ||    15
 Stab: Held in net/web   |       |       |     2 |       ||     2
  Eat: Chunk             |     2 |     5 |    11 |    20 ||    38
       Ration            |       |       |     3 |     1 ||     4
Armor: Leather armour    |    10 |       |       |       ||    10
       Ring mail         |    29 |    42 |       |       ||    71
       Chain mail        |       |       |   244 |   364 ||   608
Dodge: Dodged            |    46 |    73 |   166 |   349 ||   634
       Rpst.: Long sword |    17 |    27 |    46 |       ||    90
       Great sword       |       |       |    15 |   106 ||   121

Table legend:
 A = Non-vault XP
 B = Vault XP
 C = Vault XP percentage of total XP
 D = Non-vault monster count
 E = Vault monster count
 F = Vault count percentage of total count
                 A         B        C        D         E       F
            +---------+---------+-------+---------+---------+-------
      Total |   27666 |    6073 |  18.0 |     275 |      60 |  17.9
            +---------+---------+-------+---------+---------+-------
        D:1 |      14 |       5 |  26.3 |      10 |       4 |  28.6
        D:2 |      43 |       0 |   0.0 |      11 |       0 |   0.0
        D:3 |      92 |       0 |   0.0 |      26 |       0 |   0.0
        D:4 |     248 |     401 |  61.8 |      13 |       6 |  31.6
        D:5 |     396 |       0 |   0.0 |       9 |       0 |   0.0
        D:6 |     512 |       0 |   0.0 |      17 |       0 |   0.0
        D:7 |     837 |       0 |   0.0 |      19 |       0 |   0.0
        D:8 |    1402 |       0 |   0.0 |      11 |       0 |   0.0
        D:9 |    2071 |    1138 |  35.5 |      32 |       3 |   8.6
       D:10 |    5720 |     349 |   5.8 |      42 |       6 |  12.5
       D:11 |    2949 |    2296 |  43.8 |      29 |      12 |  29.3
       D:12 |    7954 |    1809 |  18.5 |      35 |       2 |   5.4
     Lair:1 |     300 |       0 |   0.0 |       2 |       0 |   0.0
     Lair:2 |     703 |       0 |   0.0 |       4 |       0 |   0.0
     Lair:3 |    4425 |       0 |   0.0 |      15 |       0 |   0.0
    Ossuary |       0 |      75 | 100.0 |       0 |      27 | 100.0
            +---------+---------+-------+---------+---------+-------
